 Dungeon Crawl Stone Soup version 0.30-a0-845-g7c6808c8ce (webtiles) character file.

Game seed: 4461634677568951127

4 turnipcat1 the Grasshopper (level 1, 0/17 HPs)
             Began as a Draconian Warper on Mar 2, 2023.
             Slain by a kobold
             ... wielding a +0 club
              (1 damage)
             ... on level 2 of the Dungeon.
             The game lasted 00:03:22 (199 turns).

turnipcat1 the Grasshopper (Draconian Warper)        Turns: 199, Time: 00:03:23

Health: 0/17       AC:  4    Str: 13    XL:     1   Next: 50%
Magic:  3/3        EV: 12    Int: 13    God:
Gold:   38         SH:  0    Dex: 10    Spells: 4/4 levels left

rFire   . . .      SeeInvis .    a - +0 spear
rCold   . . .      Faith    .    (no shield)
rNeg    . . .      Spirit   .    (body armour unavailable)
rPois   .          Reflect  .    (helmet restricted)
rElec   .          Rampage  .    (no cloak)
rCorr   .                        (no gloves)
Will    .....                    (no boots)
Stlth   +                        (no amulet)
HPRegen 0.22/turn                (no ring)
MPRegen 0.08/turn                (no ring)

@: no status effects
A: AC +4, unfitting armour, cold-blooded
a: no special abilities


You were on level 2 of the Dungeon.
You visited 1 branch of the dungeon, and saw 2 of its levels.

You collected 38 gold pieces.

Inventory:

Hand Weapons
 a - a +0 spear (weapon)
Missiles
 c - 7 boomerangs of dispersal (quivered)
Jewellery
 g - a +6 ring of strength
Scrolls
 b - a scroll of blinking
 d - a scroll of vulnerability {unknown}
 e - a scroll of identify {unknown}
 f - a scroll of enchant weapon {unknown}


   Skills:
 + Level 2.1 Fighting
 + Level 2.1 Polearms
 + Level 0.8 Throwing
 + Level 2.1 Dodging
 + Level 2.1 Spellcasting
 + Level 3.1 Translocations


You had 4 spell levels left.
You didn't know any spells.
Your spell library contained the following spells:

 Spells                   Type           Power      Damage    Failure   Level
 Blink                    Tloc           18%        N/A       11%         2
 Lesser Beckoning         Tloc           18%        N/A       11%         2
 Teleport Other           Tloc           9%         N/A       22%         3
 Vhi's Electric Charge    Tloc/Air       10%        N/A       38%         3
 Manifold Assault         Tloc           9%         N/A       56%         4


Dungeon Overview and Level Annotations

Branches:
Dungeon (2/15)

Altars:


Innate Abilities, Weirdness & Mutations

Your plain brown scales are hard. (AC +4)
You cannot fit into any form of body armour.
You are cold-blooded and may be slowed by cold attacks.


Message History

The kobold closely misses you.
You barely miss the kobold.
The kobold is severely wounded.
The kobold hits you but does no damage.
You hit the kobold but do no damage.
The kobold is severely wounded.
The kobold barely misses you.
You hit the worm. You tail-slap the worm.
The worm is moderately wounded.
The worm bites you!
Ouch! That really hurt!
* * * LOW HITPOINT WARNING * * *
The kobold hits you but does no damage.
You hit the worm.
The worm is severely wounded.
The worm bites you but does no damage. The kobold hits you but does no damage.
You hit the worm but do no damage.
The worm is heavily wounded.
The kobold misses you.
You hit the worm. You tail-slap the worm.
The worm is almost dead.
The worm bites you but does no damage. The kobold completely misses you.
You hit the worm.
The worm is almost dead.
The kobold hits you but does no damage.
You hit the worm but do no damage.
The worm is almost dead.
The worm closely misses you. The kobold barely misses you.
You completely miss the worm.
The worm is almost dead.
The worm bites you.
* * * LOW HITPOINT WARNING * * *
The kobold hits you but does no damage.
You hit the worm.
The worm is almost dead.
The kobold hits you but does no damage.
You hit the worm.
You kill the worm!
The kobold hits you with a +0 club.
You die...

...... #........
#........
###........
#........?.
#..........
#.K..).....
#@†........
#..........
######..........
#....†|.........
#.##†<..........
##............
#........#####
#..#[....##
#.#.......#


You could see a kobold.

Vanquished Creatures
  A worm (D:2)
  3 hobgoblins
4 creatures vanquished.

Notes
Turn   | Place    | Note
-------+----------+-------------------------------------------
     0 | D:1      | turnipcat1 the Draconian Warper began the quest for the
                  | Orb.
     0 | D:1      | Reached XP level 1. HP: 17/17 MP: 3/3
   199 | D:2      | Slain by a kobold

Illustrated notes

Levels and vault maps discovered:
D:1:      dpeg_arrival_oval, layout_loops_ring, minmay_crystal_room
D:2:      layout_rooms, shapermc_ecumenical_altar_flowoftime

Action                     || total
---------------------------++-------
  Melee: Spear             ||    24
         Tailslap          ||     5
 Armour: Skin              ||    13
  Dodge: Dodged            ||    15

Table legend: (Time is in decaauts)
 A = Elapsed time spent in this place.
 B = Non-inter-level travel time spent in this place.
 C = Inter-level travel time spent in this place.
 D = Time resting spent in this place.
 E = Time spent auto-exploring this place.
 F = Levels seen in this place.
 G = Mean time per level.
                   A        B        C        D        E       F      G
               +--------+--------+--------+--------+--------+-----+--------+
         Total |    198 |     61 |    137 |      0 |      0 |   2 |   99.0 |
       Dungeon |    198 |     61 |    137 |      0 |      0 |   2 |   99.0 |
               +--------+--------+--------+--------+--------+-----+--------+

Top non-repeatable levels by time:
     D:1: 147 daAuts
     D:2: 51 daAuts
